 Dungeon Crawl Stone Soup version 0.27-a0-1272-g7c8ad2e407 (webtiles) character file.

Game seed: 13811204863967483334

744 27snakeeyes612 the Cudgeller (level 7, -2/37 HPs)
             Began as a Vine Stalker Fighter on June 11, 2021.
             Was a Follower of Makhleb.
             Blown up by Ijyb (26 damage)
             ... with a mindburst bolt
             ... on level 5 of the Dungeon.
             The game lasted 00:03:10 (3779 turns).

27snakeeyes612 the Cudgeller (Vine Stalker Fighter) Turns: 3779, Time: 00:03:10

Health: -2/37      AC:  8    Str: 20    XL:     7   Next: 76%
Magic:  0/8        EV:  8    Int:  8    God:    Makhleb [*.....]
Gold:   131        SH:  9    Dex: 14    Spells: 6/6 levels left

rFire    . . .     SeeInvis .   j - +5 mace (protect)
rCold    . . .     Faith    .   c - +0 kite shield
rNeg     . . .     Spirit   +   b - +0 scale mail
rPois    .         Reflect  .   (no helmet)
rElec    .         Harm     .   (no cloak)
rCorr    .         Rampage  .   r - +0 pair of gloves
Will     .....                  (no boots)
Stlth    ..........             (no amulet)
HPRegen  1.12/turn              (no ring)
MPRegen  0.11/turn              (no ring)

@: no status effects
A: fangs 2, regeneration 1, magic shield, antimagic bite, no potion heal 2
a: Renounce Religion


You were on level 5 of the Dungeon.
You worshipped Makhleb.
Makhleb was aware of your devotion.
You visited 1 branch of the dungeon, and saw 5 of its levels.

You collected 131 gold pieces.

Inventory:

Hand Weapons
 a - a +0 war axe
 j - a +5 mace of protection (weapon)
Missiles
 n - 2 throwing nets (quivered)
Armour
 b - a +0 scale mail (worn)
 c - a +0 kite shield (worn)
 r - a +0 pair of gloves (worn)
Wands
 q - a wand of digging (9)
Scrolls
 e - a scroll of brand weapon {unknown}
 f - 3 scrolls of noise {unknown}
 g - a scroll of silence {unknown}
 l - 7 scrolls of identify {unknown}
 m - a scroll of enchant armour {unknown}
 o - 3 scrolls of teleportation {unknown}
 s - 2 scrolls of fog {unknown}
Potions
 d - a potion of might
 h - a potion of heal wounds {unknown}
 i - 2 potions of cancellation {unknown}
 k - a potion of magic {unknown}
 p - 2 potions of degeneration {unknown}
 t - 2 potions of curing {unknown}


   Skills:
 * Level 3.9 Fighting
 + Level 2.4(3.7) Axes
 + Level 4.3(4.7) Maces & Flails
 + Level 3.7 Armour
 + Level 1.5 Dodging
 - Level 0.3 Stealth
 + Level 4.0 Shields


You had 6 spell levels left.
You didn't know any spells.
Your spell library contained the following spells:

 Spells                   Type           Power      Damage    Failure   Level
 Beastly Appendage        Tmut           0%         N/A       99%         1
 Wereblood                Tmut           0%         N/A       100%        2
 Spider Form              Tmut/Pois      0%         N/A       100%        3
 Ice Form                 Ice/Tmut       0%         N/A       100%        4


Dungeon Overview and Level Annotations

Branches:
Dungeon (5/15)
 Temple: D:4-7

Altars:
Elyvilon
Makhleb
Vehumet

Shops:
D:3 =   D:4 (

Annotations:
D:5 Ijyb


Innate Abilities, Weirdness & Mutations

You have extremely sharp teeth.
Your natural rate of healing is unusually fast.
When hurt, damage is shared between your health and your magic reserves.
Your bite disrupts and absorbs the magic of your enemies.
Potions cannot restore your health.


Message History

Ijyb is lightly wounded.
Ijyb barely misses you. Ijyb hits you with a +0 dagger.
You hit Ijyb. Your bite misses Ijyb.
Ijyb is lightly wounded.
Ijyb hits you but does no damage.
You closely miss Ijyb.
Ijyb is lightly wounded.
Ijyb zaps a wand.
Your mind is blasted!
You block Ijyb's attack.
You are too injured to fight recklessly!
You are too injured to fight recklessly!
You are too injured to fight recklessly!
You are too injured to fight recklessly!
You are too injured to fight recklessly!
You are too injured to fight recklessly!
You are too injured to fight recklessly!
You are too injured to fight recklessly!
You are too injured to fight recklessly!
You are too injured to fight recklessly!
You are too injured to fight recklessly!
You are too injured to fight recklessly!
You are too injured to fight recklessly!
You hit Ijyb.
Ijyb is moderately wounded.
Ijyb hits you but does no damage.
An adder comes into view.
The adder hisses angrily.
You sock Ijyb! You bite Ijyb, but do no damage.
Ijyb is severely wounded.
You block Ijyb's attack. x2
You closely miss Ijyb. You bite Ijyb, but do no damage.
Ijyb is severely wounded.
Ijyb hits you but does no damage.
You barely miss Ijyb. Your bite misses Ijyb.
Ijyb is severely wounded.
Ijyb hits you with a +0 dagger.
You closely miss Ijyb.
Ijyb is severely wounded.
Ijyb zaps a wand.
Your mind is blasted!
Ouch! That really hurt!
You die...

........ ...
......#....
#.....#....
#..........
#..........
#..........
#.gS...###
#..@.....# #
#.#......##.# #
#.........# #
##.........
♣.##.)#.....##
♣........... ≈♣
♣♣♣♣..####.###
.≈≈♣P♣♣..........
.≈.≈≈...........


You could see Ijyb (strong) and an adder.

Vanquished Creatures
  A black bear (D:5)
  An ogre (D:4)
  A hornet zombie (D:5)
  A phantom (D:4)
  A crimson imp (D:3)
  2 orc priests (D:3)
  Jessica (D:3)
  3 iguanas (D:4)
  An orc wizard (D:5)
  2 hound skeletons (D:4)
  4 gnolls
  3 adders
  An ufetubus (D:4)
  4 dart slugs
  5 orcs
  7 ball pythons
  8 bats
  4 endoplasms
  4 giant cockroaches
  9 goblins
  5 hobgoblins
  6 jackals
  4 kobolds
  4 quokkas
  2 frilled lizards
  4 rats
88 creatures vanquished.

Vanquished Creatures (others)
  A plant (D:5)
1 creature vanquished.

Grand Total: 89 creatures vanquished

Notes
Turn   | Place    | Note
-------+----------+-------------------------------------------
     0 | D:1      | 27snakeeyes612 the Vine Stalker Fighter began the quest for
                  | the Orb.
     0 | D:1      | Reached XP level 1. HP: 11/11 MP: 2/2
   252 | D:1      | Reached XP level 2. HP: 8/16 MP: 3/3
   430 | D:1      | Found a faded altar of an unknown god.
  1185 | D:1      | Reached XP level 3. HP: 17/20 MP: 2/4
  1988 | D:2      | Gained mutation: Your natural rate of healing is unusually
                  | fast. [Vine Stalker growth]
  1988 | D:2      | Reached XP level 4. HP: 24/24 MP: 5/5
  2162 | D:3      | Reached skill level 1 in Maces & Flails
  2193 | D:3      | Reached XP level 5. HP: 28/28 MP: 6/6
  2201 | D:3      | Noticed Jessica
  2219 | D:3      | Killed Jessica
  2384 | D:3      | Found Xuhauz's Jewellery Boutique.
  2761 | D:3      | Found a radiant altar of Vehumet.
  2762 | D:3      | Found a burning altar of Makhleb.
  2778 | D:3      | Became a worshipper of Makhleb the Destroyer
  2939 | D:4      | Noticed a phantom
  2942 | D:4      | Found a white marble altar of Elyvilon.
  2947 | D:4      | Killed a phantom
  2948 | D:4      | Reached XP level 6. HP: 32/32 MP: 7/7
  3112 | D:4      | Reached skill level 1 in Dodging
  3157 | D:4      | Reached XP level 7. HP: 23/36 MP: 4/8
  3359 | D:4      | Found Ydoip's Weapon Emporium.
  3529 | D:5      | Entered Level 5 of the Dungeon
  3764 | D:5      | Reached * piety under Makhleb
  3765 | D:5      | Noticed Ijyb
  3779 | D:5      | Blown up by Ijyb

Illustrated notes

Levels and vault maps discovered:
D:1:      lightli_arrival_quake, layout_basic, chequers_ecumenical_altar_lobes
D:2:      layout_loops_cross
D:3:      layout_loops_ring, grunt_temple_overflow_lords_of_destruction,
          serial_shops, shop, amcnicky_mini_rare_corridor_liquid,
          grunt_decor_cap, uniq_jessica
D:4:      layout_gridville, elyvilon_altar_4, serial_shops,
          kennysheep_little_box, kennysheep_crisscross
D:5:      layout_basic, lemuel_round_altar, lemuel_crystal_altar,
          serial_bayou_crossing, uniq_ijyb, uniq_crazy_yiuf_cottage

Skill      XL: |  1  2  3  4  5  6  7 |
---------------+----------------------+-----
Axes           | 2 |  2.4
Fighting       | 3 |  3.9
Shields        | 3 4 |  4.0
Maces & Flails | 1 3 4 |  4.3
Armour         | 3 |  3.7
Dodging        | 1 |  1.5
Stealth        | |  0.3

Action                   |  1- 3 |  4- 6 |  7- 9 || total
-------------------------+-------+-------+-------++-------
Melee: War axe           |    32 |       |       ||    32
       Bite              |    17 |    32 |    25 ||    74
       Mace              |    48 |    93 |    61 ||   202
Armor: Scale mail        |    32 |    56 |    46 ||   134
Dodge: Dodged            |    27 |    30 |    18 ||    75
Block: Kite shield       |    46 |    62 |    35 ||   143

Table legend: (Time is in decaauts)
 A = Elapsed time spent in this place.
 B = Non-inter-level travel time spent in this place.
 C = Inter-level travel time spent in this place.
 D = Time resting spent in this place.
 E = Time spent auto-exploring this place.
 F = Levels seen in this place.
 G = Mean time per level.
                   A        B        C        D        E       F      G
               +--------+--------+--------+--------+--------+-----+--------+
         Total |   3899 |   3775 |    124 |      0 |   3155 |   5 |  779.8 |
       Dungeon |   3899 |   3775 |    124 |      0 |   3155 |   5 |  779.8 |
               +--------+--------+--------+--------+--------+-----+--------+

Top non-repeatable levels by time:
     D:1: 1517 daAuts
     D:3: 812 daAuts
     D:4: 662 daAuts
     D:2: 656 daAuts
     D:5: 250 daAuts
